 Dungeon Crawl Stone Soup version 0.21-a0-508-gf08a75f (webtiles) character file.

791 Laiders the Ogre Mage (level 7, -4/59 HPs)
             Began as an Ogre Wizard on Nov 28, 2017.
             Shot with an arrow by a centaur (7 damage)
             ... on level 5 of the Dungeon.
             The game lasted 00:22:41 (7672 turns).

Laiders the Ogre Mage (Ogre Wizard)                 Turns: 7672, Time: 00:22:42

Health: -4/59      AC:  3    Str: 12    XL:     7   Next: 88%
Magic:  9/16       EV: 10    Int: 21    God:
Gold:   274        SH:  0    Dex:  7    Spells: 7/18 levels left

rFire    . . .     SeeInvis .   s - +3 dagger (venom)
rCold    . . .     Gourm    .   (no shield)
rNeg     . . .     Faith    .   a - +0 robe
rPois    .         Spirit   .   b - +0 hat
rElec    .         Reflect  .   (no cloak)
rCorr    .         Harm     .   (gloves unavailable)
MR       .....                  (boots unavailable)
Stlth    +.........             e - amulet of magic regeneration
HPRegen  0.19/turn              (no ring)
MPRegen  0.40/turn              (no ring)

@: no status effects
A: large, unfitting armour, tough skin 1
a: no special abilities


You were on level 5 of the Dungeon.
You were hungry.

You visited 1 branch of the dungeon, and saw 5 of its levels.

You collected 274 gold pieces.

Inventory:

Hand Weapons
 l - a +0 morningstar
 s - a +3 dagger of venom (weapon)
Missiles
 q - a throwing net (quivered)
Armour
 a - a +0 robe (worn)
 b - a +0 hat (worn)
Jewellery
 e - an amulet of magic regeneration (around neck)
Scrolls
 g - 2 scrolls of fog
 i - a scroll of enchant weapon
 k - a scroll of random uselessness {unknown}
 m - 3 scrolls of remove curse
 n - 2 scrolls of enchant armour {unknown}
 o - a scroll of amnesia {unknown}
 r - a scroll of noise {unknown}
 x - a scroll of fear {unknown}
Potions
 h - a potion of lignification {unknown}
 j - a potion of curing
 t - 2 potions of brilliance
 w - a potion of magic {unknown}
 z - a potion of mutation {unknown}
Books
 c - a book of Minor Magic

   Spells                             Type                      Level
   a - Magic Dart                     Conjuration                  1
   b - Blink                          Translocation                2
   c - Call Imp                       Summoning                    2
   d - Slow                           Hexes                        2
   e - Conjure Flame                  Conjuration/Fire             3
   f - Mephitic Cloud                 Conjuration/Poison/Air       3
Comestibles
 d - 5 bread rations
 f - 2 meat rations
 p - 2 royal jellies


   Skills:
 - Level 1.7 Dodging
 - Level 1.4 Stealth
 - Level 6.0 Spellcasting
 - Level 3.2 Conjurations
 + Level 3.2 Summonings
 - Level 0.8 Translocations
 - Level 3.0 Air Magic
 - Level 3.0 Poison Magic


You had 7 spell levels left.
You knew the following spells:

 Your Spells              Type           Power        Failure   Level  Hunger
a - Magic Dart            Conj           ###.         2%          1    None
b - Call Imp              Summ           ###.....     3%          2    None
c - Blink                 Tloc           N/A          11%         2    None
d - Mephitic Cloud        Conj/Pois/Air  ###.....     9%          3    ##.....
e - Conjure Flame         Conj/Fire      ##......     16%         3    ##.....


Dungeon Overview and Level Annotations

Branches:
Dungeon (5/15)
 Temple: D:4-7

Altars:
Gozag
Okawaru
Wu Jian
Xom


Innate Abilities, Weirdness & Mutations

You are too large for most types of armour.
You have tough skin. (AC +1)


Message History

The centaur is lightly wounded.
The centaur hits you! x2
* * * LOW HITPOINT WARNING * * *
Casting: Call Imp
Confirm with . or Enter, or press ? or * to list all spells.
You blink.
The centaur misses you.
Casting: Blink
Confirm with . or Enter, or press ? or * to list all spells.
You blink.
The centaur wields a shortbow.
The centaur shoots an arrow.
The arrow barely misses you.
Casting: Blink
Confirm with . or Enter, or press ? or * to list all spells.
You blink.
The centaur shoots an arrow.
The arrow hits you!
* * * LOW HITPOINT WARNING * * *
Okay, then.
Casting: Blink
Confirm with . or Enter, or press ? or * to list all spells.
A beastly little devil appears in a puff of flame.
The centaur shoots an arrow.
The arrow hits you!
You die...

##################
..............5.@#
################.#
#.......# #§####
#.##....# #.c..#
###.##....# ####§#
#.........# . #+#
#.........# ..
#........<##...
#...............#


You could see a centaur and a friendly crimson imp.

Vanquished Creatures
  Grinder (D:3)
  2 scorpions
  An orc priest (D:4)
  3 orc wizards
  Terence (D:1)
  A hound skeleton (D:4)
  Robin (D:2)
  6 adders
  A river rat (D:4)
  4 worms
  3 dart slugs
  2 leopard geckos
  16 orcs
  5 giant cockroaches
  17 goblins
  9 hobgoblins
  3 jackals (D:3)
  A quokka (D:2)
  6 ball pythons
  9 bats
  3 frilled lizards
  A jackal skeleton (D:3)
  7 kobolds
  13 rats
116 creatures vanquished.

Vanquished Creatures (collateral kills)
  The ghost of Regeox the Cutter, an amateur SpCK of Okawaru (D:4)
  A hound (D:5)
  An orc wizard (D:2)
  2 adders (D:2)
  An ooze (D:5)
  2 goblins (D:2)
8 creatures vanquished.

Grand Total: 124 creatures vanquished

Notes
Turn   | Place    | Note
-------+----------+-------------------------------------------
     0 | D:1      | Laiders the Ogre Wizard began the quest for the Orb.
     0 | D:1      | Reached XP level 1. HP: 16/16 MP: 5/5
    92 | D:1      | Reached skill level 1 in Conjurations
   480 | D:1      | Reached XP level 2. HP: 22/24 MP: 6/6
   614 | D:1      | Reached skill level 4 in Spellcasting
  1219 | D:1      | Learned a level 2 spell: Call Imp
  1222 | D:1      | Learned a level 2 spell: Blink
  1373 | D:1      | Reached XP level 3. HP: 31/31 MP: 8/8
  1478 | D:1      | Learned a level 3 spell: Mephitic Cloud
  1979 | D:2      | Noticed Terence
  2041 | D:1      | Killed Terence
  2365 | D:2      | Found an ornate altar of the Wu Jian Council.
  2560 | D:2      | Reached XP level 4. HP: 33/39 MP: 10/10
  2603 | D:2      | Learned a level 3 spell: Conjure Flame
  3330 | D:2      | Reached skill level 5 in Spellcasting
  3610 | D:2      | Reached XP level 5. HP: 35/45 MP: 4/12
  3701 | D:2      | Noticed Robin
  3767 | D:2      | Reached skill level 1 in Summonings
  3775 | D:2      | Killed Robin
  4175 | D:2      | Found a faded altar of an unknown god.
  4220 | D:2      | Found an iron altar of Okawaru.
  4325 | D:2      | Found a shimmering altar of Xom.
  5601 | D:3      | Reached skill level 1 in Air Magic
  5786 | D:3      | Reached skill level 1 in Poison Magic
  5815 | D:3      | Reached XP level 6. HP: 42/53 MP: 13/13
  6145 | D:3      | Noticed Grinder
  6155 | D:3      | Paralysed by Grinder for 6 turns
  6182 | D:3      | Paralysed by Grinder for 7 turns
  6196 | D:3      | Killed Grinder
  6196 | D:3      | Reached XP level 7. HP: 19/59 MP: 13/15
  6354 | D:4      | Found an opulent altar of Gozag.
  6789 | D:4      | Reached skill level 6 in Spellcasting
  7071 | D:4      | Noticed Regeox's ghost (amateur SpCK)
  7120 | D:4      | Killed Regeox's ghost
  7462 | D:5      | Entered Level 5 of the Dungeon
  7672 | D:5      | Shot with an arrow by a centaur

Vault maps used:
D:1:      evilmike_arrival_run_for_it, minmay_surrounded
D:2:      nicolae_overflow_crystal_walls, okawaru_gym_becter,
          chequers_ecumenical_altar_grove, tgw_xom, uniq_robin, uniq_terence
D:3:      first_bread, uniq_grinder
D:4:      portal_sewer_entry_e, nicolae_gozag_cash_rules_everything_around_me
D:5:      vehumet_crystals, lemuel_round_altar, lemuel_temple_firewalk_a,
          enter_ossuary_3, roderic_roman_lattice

Skill      XL: |  1  2  3  4  5  6  7 |
---------------+----------------------+-----
Conjurations   | 1 2 3 |  3.2
Spellcasting   | 4 5 6 |  6.0
Summonings     | 1 2 3 |  3.2
Air Magic      | 1 2 3 |  3.0
Poison Magic   | 1 2 3 |  3.0
Dodging        | |  1.7
Stealth        | |  1.4
Translocations | |  0.8

Action                   |  1- 3 |  4- 6 |  7- 9 || total
-------------------------+-------+-------+-------++-------
Melee: Unarmed           |    28 |       |       ||    28
       Spear             |    93 |       |       ||    93
       Morningstar       |    50 |    61 |       ||   111
       Dagger            |       |   152 |    66 ||   218
 Cast: Magic Dart        |    17 |    35 |    16 ||    68
       Call Imp          |     2 |     6 |    14 ||    22
       Blink             |       |     3 |     6 ||     9
  Use: Scroll            |       |     3 |     3 ||     6
       Potion            |       |     7 |     2 ||     9
 Stab: Sleeping          |     2 |     1 |       ||     3
  Eat: Chunk             |     5 |    12 |     4 ||    21
Armor: Robe              |    69 |    73 |    24 ||   166
Dodge: Dodged            |   109 |   155 |    61 ||   325

Table legend:
 A = Spawn XP
 B = Non-spawn XP
 C = Spawn XP percentage of total XP
 D = Spawn monster count
 E = Non-spawn monster count
 F = Spawn count percentage of total count
 G = Total turns spent on level
                    A         B        C        D         E        F      G
               +---------+---------+-------+---------+---------+-------+---------
         Total |       0 |    1130 |   0.0 |       0 |     124 |   0.0 |  7672
               +---------+---------+-------+---------+---------+-------+---------
           D:1 |       0 |      68 |   0.0 |       0 |      28 |   0.0 |  2268
           D:2 |       0 |     176 |   0.0 |       0 |      41 |   0.0 |  2513
           D:3 |       0 |     401 |   0.0 |       0 |      31 |   0.0 |  1526
           D:4 |       0 |     361 |   0.0 |       0 |      19 |   0.0 |  1155
           D:5 |       0 |     124 |   0.0 |       0 |       5 |   0.0 |   210
               +---------+---------+-------+---------+---------+-------+---------
